AoeStats
← JellyGolem

Arabia

508357567Analyzed
2v2 RM · 12d ago on Sep 22, 2026· 49m 0s· 4 players
Game mode
Random Map
Map size
Medium (4 player)
Population
200
Speed
Normal
Resources
Standard
Victory
Conquest
Starting age
Dark Age
Ending age
Imperial Age
RankedLock teamsTeams togetherTeam positionsShared explorationLock speedFull tech treeHidden civsTurbo modeCheats
Victory
Defeat
🇺🇸 Aztecs · United States
1201
+7
🇺🇸 Inca · United States
767
+23
🇺🇸 Spanish · United States
994
-16
🇺🇸 Armenians · United States
934
-14
JellyGolem
8:01 Loom
10:13 Feudal Age
10:44 Double-Bit Axe
10:25 Man-at-Arms
11:16 Horse Collar
13:09 Gold Mining
13:33 Long Swordsman
14:57 Wheelbarrow
14:38 Arson
17:59 Forging
17:50 Scale Mail Armor
24:17 Stone Mining
34:39 Fletching
38:03 Castle Age
38:36 Two-Handed Swordsman
mmill105
10:38 Feudal Age
11:31 Man-at-Arms
14:23 Double-Bit Axe
15:38 Horse Collar
19:08 Forging
20:40 Loom
21:33 Wheelbarrow
25:43 Castle Age
25:59 Bloodlines
26:04 Scale Barding Armor
32:54 Long Swordsman
33:58 Light Cavalry
36:53 Town Watch
37:56 Bow Saw
38:12 Gambesons
39:04 Arson
40:42 Fletching
41:08 Redemption
46:15 Murder Holes
47:32 Heavy Plow
BayofDeath1
5:38 Loom
10:13 Feudal Age
15:04 Double-Bit Axe
18:50 Fletching
26:04 Castle Age
29:58 Bow Saw
37:29 Wheelbarrow
43:17 Gold Mining
45:07 Horse Collar
45:57 Squires
45:17 Eagle Warrior
45:43 Arson
47:36 Heavy Plow
48:15 Gold Shaft Mining
47:31 Stone Mining
49:11 Scale Mail Armor
49:21 Forging
49:31 Hand Cart
fransengamesllc
11:15 Loom
14:23 Feudal Age
15:22 Champi Runner
16:11 Double-Bit Axe
16:18 Gold Mining
17:25 Forging
17:25 Arson
18:18 Scale Mail Armor
20:26 Wheelbarrow
24:09 Castle Age
24:17 Champi Warrior
25:38 Iron Casting
26:36 Chain Mail Armor
28:40 Squires
32:53 Gold Shaft Mining
32:29 Bow Saw
32:03 Horse Collar
32:17 Stone Mining
33:22 Hand Cart
45:35 Imperial Age
43:30 Town Watch
Connection lost

Rejoining the realm…

Still unreachable

The connection could not be restored.

Session expired

The server has moved on; the page needs a fresh start.